 Dungeon Crawl Stone Soup version 0.30-a0-883-g5ad918d77d (webtiles) character file.

Game seed: 13089363126742847741

17784 Sanktem7 the Cleaver (level 12, -20/110 HPs)
             Began as a Minotaur Fighter on Mar 17, 2023.
             Was the Champion of Okawaru.
             Killed from afar by an ice dragon (47 damage)
             ... with a blast of cold
             ... on level 12 of the Dungeon.
             The game lasted 00:20:44 (12093 turns).

Sanktem7 the Cleaver (Minotaur Fighter)            Turns: 12093, Time: 00:20:45

Health: -20/110    AC: 16    Str: 26    XL:     12   Next: 21%
Magic:  14/14      EV:  8    Int:  5    God:    Okawaru [******]
Gold:   339        SH:  7    Dex: 13    Spells: 11/11 levels left

rFire   + + .      SeeInvis .    f - +6 broad axe (vamp) {axe}
rCold   . . .      Faith    .    c - +0 buckler
rNeg    + . .      Spirit   .    h - +0 chain mail {rF+}
rPois   +          Reflect  .    u - +1 hat
rElec   .          Rampage  .    N - +0 cloak
rCorr   .                        (no gloves)
Will    +....                    K - +0 pair of boots Stlth
                                 y - amulet of the acrobat
HPRegen 0.38/turn                W - ring "Uzumier" {rPois Will+ Dex+3}
MPRegen 0.14/turn                b - ring of Arrival {Fly rF+ rN+}

@: flying
A: horns 2, retaliatory headbutt
a: Renounce Religion, Heroism, Finesse, Duel


You were on level 12 of the Dungeon.
You worshipped Okawaru.
Okawaru was exalted by your worship.
You visited 2 branches of the dungeon, and saw 13 of its levels.
You also visited: Sewer and Ossuary.

You collected 1134 gold pieces.
You spent 795 gold pieces at shops.


Innate Abilities, Weirdness & Mutations

You have a pair of horns on your head.
You reflexively headbutt those who attack you in melee.


   Skills:
 + Level 11.2 Fighting
 * Level 14.9 Axes
 + Level 11.1 Armour
 + Level 11.1 Shields
 - Level 5.0 Invocations


You had 11 spell levels left.
You didn't know any spells.
Your spell library contained the following spells:

 Spells                   Type           Power      Damage    Failure   Level
 Foxfire                  Conj/Fire      0%         2x1d4     96%         1
 Necrotise                Necr           0%         1d4       96%         1
 Slow                     Hex            0%         N/A       96%         1
 Cigotuvi's Dreadful Rot  Necr/Pois/Air  0%         N/A       99%         2
 Poisonous Vapours        Pois/Air       0%         N/A       99%         2
 Sublimation of Blood     Necr           0%         N/A       99%         2
 Wereblood                Tmut           0%         N/A       99%         2
 Confusing Touch          Hex            0%         N/A       100%        3
 Mephitic Cloud           Conj/Pois/Air  0%         N/A       100%        3
 Vampiric Draining        Necr           0%         2d6       100%        3
 Agony                    Necr           0%         N/A       100%        5
 Fireball                 Conj/Fire      0%         3d3       100%        5
 Starburst                Conj/Fire      0%         6d3       100%        6
 Summon Small Mammal      Summ           Unusable   N/A       N/A         1
 Call Canine Familiar     Summ           Unusable   N/A       N/A         3
 Summon Guardian Golem    Hex/Summ       Unusable   N/A       N/A         3
 Animate Dead             Necr           Unusable   N/A       N/A         4
 Haunt                    Necr/Summ      Unusable   N/A       N/A         7
 Summon Hydra             Summ           Unusable   N/A       N/A         7
 Infestation              Necr           Unusable   N/A       N/A         8

Inventory:

Hand Weapons
 a - a +3 war axe of flaming {axe}
 f - a +6 vampiric broad axe (weapon) {axe}
   (You acquired it on level 10 of the Dungeon)
 R - a +2 quarterstaff of draining {staff}
   (Okawaru gifted it to you on level 12 of the Dungeon)
 X - a +0 executioner's axe of venom {axerare=g}
   (Okawaru gifted it to you on level 11 of the Dungeon)
Missiles
 o - 7 curare-tipped darts {=fthrowing}
 r - 14 boomerangs (quivered) {throwing}
 s - 26 stones {throwing}
 w - 33 poisoned darts {throwing}
 z - 3 datura-tipped darts {throwing}
 L - 2 boomerangs of dispersal {=f!fthrowing}
Armour
 c - a +0 buckler (worn)
 h - a +0 chain mail of fire resistance (worn)
   (You bought it in a shop on level 7 of the Dungeon)
 u - a +1 hat (worn)
   (You found it on level 4 of the Dungeon)
 K - a +0 pair of boots (worn)
   (You found it on level 5 of the Dungeon)
 N - a +0 cloak (worn)
   (You found it on level 7 of the Dungeon)
 Y - a +1 pair of boots
   (You found it on level 12 of the Dungeon)
Jewellery
 b - the ring of Arrival (right hand) {Fly rF+ rN+}
   (You acquired it on level 5 of the Dungeon)

   [ring of flight]

   rF:        It protects you from fire.
   rN:        It protects you from negative energy.
   Fly:       It grants you flight.
 y - an amulet of the acrobat (around neck)
   (You found it on level 3 of the Dungeon)
 S - a ring of see invisible
   (You found it on level 8 of the Dungeon)
 W - the ring "Uzumier" (left hand) {rPois Will+ Dex+3}
   (You bought it in a shop on level 10 of the Dungeon)

   [ring of willpower]

   Dex:       It affects your dexterity (+3).
   rPois:     It protects you from poison.
   Will:      It increases your willpower.
Wands
 g - a wand of iceblast (6)
   (You found it on level 6 of the Dungeon)
 i - a wand of digging (5)
   (You took it off Erica on level 10 of the Dungeon)
 t - a wand of charming (36)
   (You found it on level 6 of the Dungeon)
 x - a wand of light (2)
   (You found it on level 10 of the Dungeon)
 I - a wand of mindburst (9)
   (You found it on level 9 of the Dungeon)
 Q - a wand of flame (26)
   (You found it on level 8 of the Dungeon)
 U - a wand of polymorph (8)
   (You found it on level 9 of the Dungeon)
Scrolls
 e - 2 scrolls of immolation {!r!r}
 n - 2 scrolls of fear
 p - 2 scrolls of vulnerability {!r!r}
 q - 7 scrolls of teleportation {@r4}
 E - 3 scrolls of magic mapping {!r}
 M - a scroll of poison {!r}
 T - a scroll of summoning
 V - 2 scrolls of silence {!r}
 Z - a scroll of enchant weapon
Potions
 d - 5 potions of might
 j - 2 potions of magic
 k - 7 potions of curing {@q1}
 l - a potion of resistance {unknown}
 m - 4 potions of haste {@q3}
 v - 2 potions of cancellation
 A - 2 potions of degeneration {!q@e2}
 B - 3 potions of attraction {!q}
 C - 5 potions of flight
 D - a potion of ambrosia
 F - 4 potions of brilliance
 G - 3 potions of invisibility
 H - 3 potions of lignification {!q}
 J - 2 potions of mutation {unknown}
 O - 2 potions of berserk rage {!q}
 P - a potion of heal wounds {unknown}

Dungeon Overview and Level Annotations

Branches:
Dungeon (12/15) Zot: 26667  Temple (1/1) D:7 Zot: 5972    Lair (0/5) D:9
  Sewer (visited)         Ossuary (visited)
    Orc: D:9-12

Altars:
Dithmenos
Fedhas
Gozag
Kikubaaqudgha
Makhleb
Nemelex Xobeh
Okawaru
Qazlal
Sif Muna
Trog
Vehumet
Wu Jian
Xom

Shops:
D:7 *   D:10 =

Portals:
Trove: D:10 (show abyssal rune of Zot)
Ice
Cave: D:12

Annotations:
D:10 2 transporters, Rudyous's ghost, journeyman GnCj

.....# .∩..
.... ...
##.. ..# #.
#D# #.. #@##
#... ##.#
#... ##.##
#...###.####
#..........#
#.
#.....)....#
#. #
#.........>#
#. .
#..$.......#
.#$
#..........#


You could see an ice dragon (catching breath).


Message History

😕 HP[+1]
You barely miss the polar bear. You headbutt the polar bear!
The polar bear bites you. The polar bear barely misses you.
The polar bear claws you. 😕 HP[-7]
You take 7 damage, and now have 92/110 hp.
You hit the polar bear but do no damage.
You headbutt the polar bear! You block the polar bear's attack.
The polar bear claws you but does no damage. x2
You block the polar bear's attack. The polar bear claws you.
The polar bear claws you but does no damage. 😕 HP[-6]
You take 6 damage, and now have 86/110 hp.
You slash the polar bear!
You feel better.
You kill the polar bear!
Okawaru accepts your kill. 😕 HP[+5]
You regained 5 hp, and now have 91/110 hp.
An ice dragon comes into view.
The polar bear barely misses you. The polar bear misses you. x2
Things that are here:
a polar bear corpse; a yak corpse; a wolf corpse You slash the polar bear!
You feel better.
The polar bear bites you but does no damage.
The polar bear closely misses you. x2 😕 HP[+3]
You regained 3 hp, and now have 94/110 hp.
You chop the polar bear into pieces!!!
You feel better.
You kill the polar bear!
Okawaru accepts your kill. The ice dragon breathes frost at you.
The blast of cold hits the polar bear!
The polar bear resists.
The blast of cold hits you!!!
The polar bear growls angrily. 😮 HP[-26]
You take 26 damage, and now have 68/110 hp.
MASSIVE DAMAGE!! (PAUSE)
You hit the polar bear.
You feel better. The polar bear barely misses you.
The polar bear closely misses you.
The polar bear claws you but does no damage. 😮 HP[+3]
You regained 3 hp, and now have 71/110 hp.
You slash the polar bear! You headbutt the polar bear!
You kill the polar bear!
Okawaru accepts your kill.
You hit the ice dragon but do no damage.
The ice dragon bites you! The ice dragon claws you!
The ice dragon tramples you.
* * * LOW HITPOINT WARNING * * *
You hold your ground! 😨 HP[-21]
You take 21 damage, and now have 50/110 hp.
You barely miss the ice dragon. The ice dragon closely misses you.
The ice dragon claws you!
* * * LOW HITPOINT WARNING * * *
The ice dragon tramples you.
* * * LOW HITPOINT WARNING * * *
You hold your ground! 😨 HP[-15]
You take 15 damage, and now have 35/110 hp.
You hit the ice dragon.
You feel better.
Your headbutt misses the ice dragon. The ice dragon breathes frost at you.
The blast of cold hits you!
* * * LOW HITPOINT WARNING * * *
😱 HP[-10]
You take 10 damage, and now have 25/110 hp.
You closely miss the ice dragon.
You headbutt the ice dragon, but do no damage.
You block the ice dragon's attack. x2; The ice dragon tramples you!
* * * LOW HITPOINT WARNING * * *
You hold your ground! 😱 HP[-7]
You take 7 damage, and now have 18/110 hp.
You barely miss the ice dragon. You headbutt the ice dragon!
You slice the ice dragon!!
You feel better. The ice dragon bites you!
* * * LOW HITPOINT WARNING * * *
The ice dragon claws you.
* * * LOW HITPOINT WARNING * * *
The ice dragon barely misses you. 😱 HP[+2]
You regained 2 hp, and now have 20/110 hp.
You slice the ice dragon!!
You feel better.
You headbutt the ice dragon, but do no damage.
The ice dragon bites you but does no damage.
You block the ice dragon's attack. x2 😨 HP[+19]
You regained 19 hp, and now have 39/110 hp.
You slash the ice dragon! You headbutt the ice dragon.
The ice dragon bites you.
* * * LOW HITPOINT WARNING * * *
You block the ice dragon's attack. The ice dragon tramples you!
* * * LOW HITPOINT WARNING * * *
You hold your ground! 😱 HP[-13]
You take 13 damage, and now have 26/110 hp.
You hit the ice dragon.
You feel better.
You headbutt the ice dragon, but do no damage.
The ice dragon breathes frost at you. The blast of cold hits you!!!
You die...

Skill      XL: |  1  2  3  4  5  6  7  8  9 10 11 12 |
---------------+-------------------------------------+-----
Axes           | 3 4 5 6 7 9 11 12 14 | 14.9
Shields        | 4 5 6 7 8 9 10 11 | 11.1
Fighting       | 4 5 6 7 8 9 10 11 | 11.2
Armour         | 4 5 6 7 8 9 10 11 | 11.1
Invocations    | 2 4 5 |  5.0

Action                     |  1- 3 |  4- 6 |  7- 9 | 10-12 || total
---------------------------+-------+-------+-------+-------++-------
  Melee: War axe           |    67 |   123 |   325 |   169 ||   684
         Headbutt          |     9 |    23 |    48 |    80 ||   160
         Broad axe         |       |       |       |   145 ||   145
 Invoke: Heroism           |       |       |       |     1 ||     1
    Use: Scroll            |       |       |    25 |     9 ||    34
         Potion            |       |       |     2 |       ||     2
 Armour: Scale mail        |    30 |    21 |       |       ||    51
         Chain mail        |       |    30 |   164 |   134 ||   328
  Dodge: Dodged            |    32 |    52 |   154 |   201 ||   439
  Block: Buckler           |    15 |    31 |    81 |    92 ||   219

Levels and vault maps discovered:
D:1:      evilmike_arrival_hilbert_curve, layout_basic,
          shapermc_ecumenical_altar_mp_highgroup
D:2:      layout_basic
D:3:      layout_loops_ring, serial_bayou_lagoon_b, uniq_terence
D:4:      layout_rooms, xom_teletrap_fun, serial_bayou, serial_bayou_lake_a,
          serial_bayou_shore_b, serial_bayou_crossing, serial_bayou_shore_a
D:5:      minmay_polygon_palace, layout_basic
D:6:      layout_gridville, gup_sewer_entry_bubbles
D:7:      layout_rooms, minmay_temple_entry_offerings,
          chequers_serial_rivers_small_b, nicolae_shop_fire_sale
          [nicolae_sub_dead_trees], grunt_decor_mini_mirrors,
          kennysheep_generic_room_5, uniq_maggie
D:8:      layout_cave_pools, enter_bailey_2, enter_ossuary_4, eino_curves_04
D:9:      layout_basic, grunt_lair_entry_orc_guard_hut,
          nicolae_figureground_pulse
D:10:     layout_gridville, serial_shops, nicolae_lakefront_shop,
          gammafunk_ghost_smash, nicolae_trove_entry_free_sample, uniq_erica,
          uniq_maurice
D:11:     minmay_skewed_foursquare, layout_loops_cross
D:12:     layout_big_octagon, erik_orc_3,
          portal_ice_cave_entry_animals_and_master, serial_column_ruins,
          column_ruins_hut_ruined, column_ruins_open_tiny,
          column_ruins_open_tiny, column_ruins_open_small,
          column_ruins_open_tiny, uniq_erolcha, uniq_snorg
Temple:   compressed_dpeg_triangle_lava_temple

Notes
Turn   | Place    | Note
-------+----------+-------------------------------------------
     0 | D:1      | Sanktem7 the Minotaur Fighter began the quest for the Orb.
     0 | D:1      | Reached XP level 1. HP: 19/19 MP: 0/0
     0 | D:1      | magus.rc [v1.9.6]
    89 | D:1      | Reached XP level 2. HP: 27/27 MP: 1/1
   240 | D:1      | Reached skill level 3 in Axes
   250 | D:1      | Found a faded altar of an unknown god.
   749 | D:1      | Reached skill level 4 in Shields
   840 | D:2      | Reached skill level 4 in Fighting
   843 | D:2      | Reached XP level 3. HP: 31/33 MP: 2/2
   952 | D:2      | You pick up a book of Debilitation and begin reading...
   952 | D:2      | You add the spells Slow, Vampiric Draining and Confusing
                  | Touch to your library.
   979 | D:2      | Reached skill level 4 in Armour
  1188 | D:2      | You pick up a book of Callings and begin reading...
  1188 | D:2      | You add the spells Summon Small Mammal, Call Canine
                  | Familiar and Summon Guardian Golem to your library.
  1332 | D:3      | Reached XP level 4. HP: 11/40 MP: 3/3
  1559 | D:3      | Noticed Terence
  1566 | D:3      | Killed Terence
  1567 | D:3      | Reached skill level 4 in Axes
  1602 | D:3      | Identified the +5 rapier of Insufficient Pleasure {flame,
                  | *Noise rN+ Will++ Int+3}
  2201 | D:4      | Noticed an ogre
  2207 | D:4      | Killed an ogre
  2208 | D:4      | Reached XP level 5. HP: 18/47 MP: 4/4
  2343 | D:4      | You pick up a book of Blood and begin reading...
  2343 | D:4      | You add the spells Sublimation of Blood, Wereblood and
                  | Summon Hydra to your library.
  2421 | D:4      | Reached skill level 5 in Axes
  2740 | D:4      | Reached XP level 6. HP: 55/55 MP: 5/5
  2757 | D:4      | Found a shimmering altar of Xom.
  3046 | D:5      | Entered Level 5 of the Dungeon
  3059 | D:5      | Reached skill level 5 in Fighting
  3059 | D:5      | Reached skill level 5 in Armour
  3059 | D:5      | Reached skill level 5 in Shields
  3700 | D:5      | Reached skill level 6 in Axes
  3700 | D:5      | Reached XP level 7. HP: 28/61 MP: 6/6
  3980 | D:5      | Reached skill level 7 in Axes
  4027 | D:5      | Reached skill level 6 in Fighting
  4034 | D:5      | Reached skill level 6 in Armour
  4034 | D:5      | Reached skill level 6 in Shields
  4238 | D:5      | Identified a scroll of acquirement
  4241 | D:5      | Acquired the ring of Arrival {Fly rF+ rN+}
  4374 | D:6      | Reached XP level 8. HP: 70/70 MP: 7/7
  4455 | D:6      | Found a glowing drain.
  4463 | Sewer    | Entered a sewer
  4998 | Sewer    | Reached skill level 8 in Axes
  5327 | D:6      | Reached skill level 7 in Shields
  5404 | D:6      | You pick up a book of Vapours and begin reading...
  5404 | D:6      | You add the spells Poisonous Vapours, Cigotuvi's Dreadful
                  | Rot and Mephitic Cloud to your library.
  5481 | D:6      | Reached skill level 7 in Fighting
  5481 | D:6      | Reached skill level 9 in Axes
  5481 | D:6      | Reached skill level 7 in Armour
  5641 | D:6      | You pick up a book of Fire and begin reading...
  5641 | D:6      | You add the spells Foxfire, Fireball and Starburst to your
                  | library.
  5802 | D:7      | Reached XP level 9. HP: 72/79 MP: 8/8
  6040 | D:7      | Noticed Maggie
  6049 | D:7      | Killed Maggie
  6167 | D:7      | Reached skill level 10 in Axes
  6435 | D:7      | Found Ograeh's Fire Supplies.
  6442 | D:7      | Bought a +0 chain mail of fire resistance for 115 gold
                  | pieces
  6583 | D:7      | Found a staircase to the Ecumenical Temple.
  6592 | Temple   | Entered the Ecumenical Temple
  6606 | Temple   | Became a worshipper of Warmaster Okawaru
  6625 | D:7      | You pick up a book of Death and begin reading...
  6731 | D:8      | Reached skill level 8 in Fighting
  6731 | D:8      | Reached skill level 8 in Armour
  6731 | D:8      | Reached skill level 8 in Shields
  6736 | D:8      | Found a sand-covered staircase.
  6738 | D:8      | HP: 20/81 [poisoned by a killer bee]
  6739 | D:8      | HP: 4/81 [wyvern (10)]
  6746 | D:8      | HP: 7/81 [centaur (2)]
  6747 | Ossuary  | Entered an ossuary
  7296 | Ossuary  | Noticed Menkaure
  7306 | Ossuary  | Killed Menkaure
  7308 | Ossuary  | Reached skill level 11 in Axes
  7467 | Ossuary  | Reached * piety under Okawaru
  7673 | D:8      | Reached XP level 10. HP: 90/90 MP: 9/9
  8301 | D:9      | Reached ** piety under Okawaru
  8316 | D:9      | Reached skill level 9 in Fighting
  8316 | D:9      | Reached skill level 9 in Shields
  8318 | D:9      | HP: 22/91 [gnoll sergeant/+1 spear of freezing (5)]
  8326 | D:9      | Reached skill level 9 in Armour
  8540 | D:9      | Reached skill level 12 in Axes
  8641 | D:9      | Reached skill level 1 in Invocations
  9082 | D:9      | Found a staircase to the Lair.
  9566 | D:10     | Entered Level 10 of the Dungeon
  9581 | D:10     | Reached *** piety under Okawaru
  9581 | D:10     | Paralysed by a hornet for 1 turns
  9582 | D:10     | Reached skill level 2 in Invocations
  9702 | D:10     | You pick up a book of Necromancy and begin reading...
  9702 | D:10     | You add the spells Necrotise and Agony to your library.
  9737 | D:10     | Found a portal to a secret trove of treasure.
  9841 | D:10     | This trove requires the presence of the abyssal rune of Zot
                  | to function. Show it the item?
  9889 | D:10     | Reached XP level 11. HP: 99/99 MP: 11/11
  9890 | D:10     | Reached **** piety under Okawaru
  9896 | D:10     | Found a transporter.
  9904 | D:10     | Noticed a two-headed ogre
  9905 | D:10     | Noticed Rudyous's ghost (journeyman GnCj)
  9905 | D:10     | Noticed a two-headed ogre
  9906 | D:10     | Noticed a two-headed ogre
  9930 | D:10     | Noticed a two-headed ogre
  9930 | D:10     | Noticed a two-headed ogre
  9932 | D:10     | Found a transporter.
  9971 | D:10     | Found Fatriev's Jewellery Shoppe.
  9979 | D:10     | Bought the ring "Uzumier" {rPois Will+ Dex+3} for 680 gold
                  | pieces
  9984 | D:10     | Acquired a +6 broad axe of freezing
  9997 | D:10     | Noticed Erica
 10007 | D:10     | Killed Erica
 10008 | D:10     | Reached skill level 13 in Axes
 10120 | D:10     | Noticed a two-headed ogre
 10125 | D:10     | Killed a two-headed ogre
 10126 | D:10     | Reached skill level 10 in Fighting
 10126 | D:10     | Reached skill level 3 in Invocations
 10193 | D:10     | Reached skill level 10 in Shields
 10309 | D:10     | Noticed Maurice
 10320 | D:10     | Killed Maurice
 10321 | D:10     | Reached skill level 10 in Armour
 10596 | D:10     | Noticed a white ugly thing
 10603 | D:10     | Killed a white ugly thing
 10603 | D:10     | Reached ***** piety under Okawaru
 11304 | D:11     | Reached skill level 4 in Invocations
 11315 | D:11     | Received a gift from Okawaru
 11325 | D:11     | Reached skill level 14 in Axes
 11339 | D:11     | X - a +0 executioner's axe of venom {axerare=g}
 11757 | D:12     | Noticed a seven-headed hydra
 11759 | D:12     | Noticed a green ugly thing
 11762 | D:12     | Noticed Snorg
 11772 | D:11     | Killed a three-headed hydra
 11972 | D:12     | Killed a green ugly thing
 11979 | D:12     | Killed Snorg
 11979 | D:12     | Received a gift from Okawaru
 11980 | D:12     | Reached XP level 12. HP: 57/108 MP: 14/14
 12008 | D:12     | Reached skill level 11 in Fighting
 12028 | D:12     | Reached skill level 5 in Invocations
 12033 | D:12     | Reached skill level 11 in Armour
 12033 | D:12     | Reached skill level 11 in Shields
 12065 | D:12     | Found a frozen archway.
 12067 | D:12     | Reached ****** piety under Okawaru
 12080 | D:12     | Noticed an ice dragon
 12087 | D:12     | HP: 25/110 [ice dragon/blast of cold (13)]
 12092 | D:12     | HP: 26/110 [ice dragon (9)]
 12093 | D:12     | Killed from afar by an ice dragon

Vanquished Creatures
  Snorg (D:12)
  A hydra (D:11)
  Erica (D:10)
  A two-headed ogre (D:10)
  2 ugly things
  2 manticores (D:11)
  Maurice (D:10)
  Maggie (D:7)
  2 unseen horrors (D:11)
  A komodo dragon (D:11)
  3 trolls
  3 polar bears (D:12)
  3 hornets
  A shadow (D:11)
  4 wraiths
  3 wyverns
  27 yaks
  4 vampire mosquitoes (D:12)
  A steam dragon (D:9)
  Menkaure (Ossuary)
  A water moccasin (D:8)
  2 orc warriors
  A sky beast (D:7)
  5 black bears
  4 ogres
  2 wolves (D:12)
  5 centaurs
  A phantom (D:5)
  5 kobold brigands (Sewer)
  2 gnoll sergeants
  4 bullfrogs
  3 scorpions
  9 wights
  7 killer bees
  3 howler monkeys
  3 centaur zombies (Ossuary)
  2 human zombies (Ossuary)
  2 jellies
  A gnoll bouda (D:7)
  4 hounds
  4 orc priests
  6 iguanas
  2 sleepcaps (D:7)
  Terence (D:3)
  6 orc wizards
  2 ogre zombies (Ossuary)
  6 mummies (Ossuary)
  11 gnolls
  12 adders
  2 river rats
  A shadow imp (D:8)
  A white imp (D:8)
  An ufetubus (D:5)
  5 adder zombies (Ossuary)
  7 worms
  2 dart slugs
  29 orcs
  11 ball pythons
  6 bats
  11 endoplasms
  3 giant cockroaches
  A gnoll zombie (Ossuary)
  3 goblins (D:3)
  A hobgoblin (D:1)
  5 quokkas
  5 frilled lizards
  5 goblin zombies (Ossuary)
  A hobgoblin zombie (Ossuary)
  14 kobolds
  5 kobold zombies (Ossuary)
  An orc zombie (Ossuary)
  4 quokka zombies
  12 rats
  3 rat zombies
318 creatures vanquished.

Vanquished Creatures (others)
  3 fungi (D:9)
  26 plants
29 creatures vanquished.

Grand Total: 347 creatures vanquished

Table legend:
 A = Non-vault XP
 B = Vault XP
 C = Vault XP percentage of total XP
 D = Non-vault monster count
 E = Vault monster count
 F = Vault count percentage of total count
                 A         B        C        D         E       F
            +---------+---------+-------+---------+---------+-------
      Total |   18633 |    6773 |  26.7 |     210 |     108 |  34.0
            +---------+---------+-------+---------+---------+-------
        D:1 |      39 |       0 |   0.0 |      24 |       0 |   0.0
        D:2 |      32 |       0 |   0.0 |      11 |       0 |   0.0
        D:3 |      63 |      36 |  36.4 |      14 |       1 |   6.7
        D:4 |     222 |       0 |   0.0 |      14 |       0 |   0.0
        D:5 |     398 |     628 |  61.2 |      13 |      15 |  53.6
        D:6 |     713 |      26 |   3.5 |      15 |       6 |  28.6
        D:7 |     939 |     421 |  31.0 |      19 |       3 |  13.6
        D:8 |    1804 |       2 |   0.1 |      28 |       2 |   6.7
        D:9 |    1912 |     515 |  21.2 |      22 |       4 |  15.4
       D:10 |    4138 |    1306 |  24.0 |      19 |       2 |   9.5
       D:11 |    5565 |     478 |   7.9 |      19 |       2 |   9.5
       D:12 |    2808 |    2160 |  43.5 |      12 |       8 |  40.0
      Sewer |       0 |     592 | 100.0 |       0 |      28 | 100.0
    Ossuary |       0 |     609 | 100.0 |       0 |      37 | 100.0
            +---------+---------+-------+---------+---------+-------

Illustrated notes

Table legend:
 A = Kills in this place as a percentage of kills in the entire game.
 B = Kills by you in this place as a percentage of kills by you in the entire game.
 C = Kills by friends in this place as a percentage of kills by friends in the entire game.
 D = Other kills in this place as a percentage of other kills in the entire game.
 E = Experience gained in this place as a percentage of experience gained in the entire game.
 F = Experience gained in this place divided by the number of levels of this place that you have seen.
                   A       B       C       D       E      F
               +-------+-------+-------+-------+-------+----------------------
         Total | 100.0 | 100.0 |   N/A |   N/A | 100.0 | 1693.7
       Dungeon |  79.6 |  79.6 |   N/A |   N/A |  95.3 | 2017.1
         Sewer |   8.8 |   8.8 |   N/A |   N/A |   2.3 | 592.0
       Ossuary |  11.6 |  11.6 |   N/A |   N/A |   2.4 | 609.0
               +-------+-------+-------+-------+-------+----------------------

Table legend: (Time is in decaauts)
 A = Elapsed time spent in this place.
 B = Non-inter-level travel time spent in this place.
 C = Inter-level travel time spent in this place.
 D = Time resting spent in this place.
 E = Time spent auto-exploring this place.
 F = Levels seen in this place.
 G = Mean time per level.
                   A        B        C        D        E       F      G
               +--------+--------+--------+--------+--------+-----+--------+
         Total |  12238 |  11954 |    284 |    828 |   8976 |  15 |  815.9 |
       Dungeon |  10650 |  10366 |    284 |    505 |   8047 |  12 |  887.5 |
        Temple |     27 |     27 |      0 |      0 |      5 |   1 |   27.0 |
         Sewer |    665 |    665 |      0 |      0 |    498 |   1 |  665.0 |
       Ossuary |    895 |    895 |      0 |    323 |    426 |   1 |  895.0 |
               +--------+--------+--------+--------+--------+-----+--------+

Top non-repeatable levels by time:
     D:5: 1319 daAuts
    D:11: 1312 daAuts
     D:9: 1183 daAuts
    D:10: 1049 daAuts
     D:3: 914 daAuts
     D:4: 907 daAuts
     D:7: 899 daAuts
 Ossuary: 895 daAuts
     D:1: 852 daAuts
     D:6: 796 daAuts
     D:8: 776 daAuts
   Sewer: 665 daAuts
     D:2: 496 daAuts
    D:12: 142 daAuts
  Temple: 27 daAuts
